NCAA
COLORADO BUFFALOES @ MIAMI HURRICANES
04/04/2023
 
TOP OF THE 1ST
Colorado Buffaloes batting - Pitching for Miami Hurricanes : RHP Nick White
Pitching: RHP Nick White
Batting: RHB Rob Groves 0-0: Swinging Strike
0-1: Ball
1-1: Foul Ball, location: 2F
1-2: Ball
2-2: SINGLE (Groundball, 56)
Batting: LHB Jack Caldwell 0-0: Called Strike
0-1: Ball
1-1: Foul Ball, location: 2F
1-2: Ball
2-2: Strikes out looking
Batting: LHB Miguel Sánchez 0-0: SINGLE (Line Drive, 6MD)
Rob Groves to second
Batting: RHB Pedro Romero 0-0: Called Strike
0-1: Ball
1-1: Called Strike
1-2: Ball
2-2: Fly out, F3 (Popup, 23F)
Batting: LHB Craig Kenney 0-0: Ball
1-0: Foul Ball, location: 2F
1-1: Ground out 5-3 (Groundball, 5L)
Top of the 1st over - 0 run(s), 2 hit(s), 0 error(s), 2 left on base; Colorado 0 - Miami 0
BOTTOM OF THE 1ST
Miami Hurricanes batting - Pitching for Colorado Buffaloes : RHP Richard Bridges
Pitching: RHP Richard Bridges
Batting: SHB Douglas Taylor 0-0: Called Strike
0-1: Ball
1-1: Swinging Strike
1-2: Ball
2-2: Foul Ball, location: 2F
2-2: Strikes out swinging
Batting: RHB Ken MacDonald 0-0: Swinging Strike
0-1: Ball
1-1: Ball
2-1: Ball
3-1: Base on Balls
Batting: RHB Roberto Tobías 0-0: Ball
1-0: Ball
2-0: Foul Ball, location: 2F
2-1: Swinging Strike
2-2: Ball
3-2: Foul Ball, location: 2F
3-2: Base on Balls
Ken MacDonald to second
Batting: RHB Edward Holloway 0-0: Ball
1-0: Foul Ball, location: 2F
1-1: Swinging Strike
1-2: Ball
2-2: Foul Ball, location: 2F
2-2: Foul Ball, location: 2F
2-2: Strikes out swinging
Batting: RHB Dwight Henderson 0-0: Ball
1-0: Ground out 6-3 (Groundball, 6)
Bottom of the 1st over - 0 run(s), 0 hit(s), 0 error(s), 2 left on base; Colorado 0 - Miami 0
TOP OF THE 2ND
Colorado Buffaloes batting - Pitching for Miami Hurricanes : RHP Nick White
Batting: RHB Ramón Chávez 0-0: Called Strike
0-1: SINGLE (Line Drive, 9S)
Batting: LHB Sixto Cortés 0-0: Ball
1-0: Foul Ball, location: 2F
1-1: Ball
2-1: Called Strike
2-2: Ball
3-2: Base on Balls
Ramón Chávez to second
Batting: RHB Esteban Lara 0-0: Called Strike
0-1: Fly out, F2 (Popup, 2LF)
Batting: RHB Desi Parkinson 0-0: SINGLE (Flyball, 9S)
Ramón Chávez to third
Sixto Cortés to second
Batting: RHB Rob Groves 0-0: Ball
1-0: Called Strike
1-1: Foul Ball, location: 2F
1-2: Strikes out looking
Batting: LHB Jack Caldwell 0-0: Ball
1-0: Foul Ball, location: 2F
1-1: Ball
2-1: Foul Ball, location: 2F
2-2: Fly out, F8 (Flyball, 8RM)
Top of the 2nd over - 0 run(s), 2 hit(s), 0 error(s), 3 left on base; Colorado 0 - Miami 0
BOTTOM OF THE 2ND
Miami Hurricanes batting - Pitching for Colorado Buffaloes : RHP Richard Bridges
Batting: LHB Juan Rocha 0-0: Called Strike
0-1: Reached on error, E5 (Groundball, 56)
Batting: SHB Will Davis 0-0: Foul Ball, location: 2F
0-1: Ball
1-1: Ball
2-1: Fly out, F9 (Flyball, 89M)
Batting: RHB Jim McKinney 0-0: Ground out 1-3 (Groundball, 15S)
Batting: RHB Nick Watts 0-0: Ball
1-0: Swinging Strike
1-1: Foul Ball, location: 2F
1-2: Ball
2-2: Ball
3-2: Strikes out swinging wild pitch, reaches first!
Juan Rocha to third
Batting: SHB Douglas Taylor 0-0: Foul Ball, location: 2F
0-1: SINGLE (Groundball, 34D)
Juan Rocha scores
Nick Watts to second
Runner from 2nd tries for 3rd, SAFE, throw made to third
Douglas Taylor to second
Batting: RHB Ken MacDonald 0-0: Swinging Strike
0-1: Foul Ball, location: 2F
0-2: Strikes out swinging
Bottom of the 2nd over - 1 run(s), 1 hit(s), 1 error(s), 2 left on base; Colorado 0 - Miami 1
TOP OF THE 3RD
Colorado Buffaloes batting - Pitching for Miami Hurricanes : RHP Nick White
Batting: LHB Miguel Sánchez 0-0: Ball
1-0: Foul Ball, location: 2F
1-1: Fly out, F7 (Line Drive, 7M)
Batting: RHB Pedro Romero 0-0: Called Strike
0-1: Foul Ball, location: 2F
0-2: Strikes out looking
Batting: LHB Craig Kenney 0-0: Called Strike
0-1: Ground out 1-3 (Groundball, 25)
Top of the 3rd over - 0 run(s), 0 hit(s), 0 error(s), 0 left on base; Colorado 0 - Miami 1
BOTTOM OF THE 3RD
Miami Hurricanes batting - Pitching for Colorado Buffaloes : RHP Richard Bridges
Batting: RHB Roberto Tobías 0-0: Ball
1-0: Called Strike
1-1: Called Strike
1-2: Ball
2-2: Strikes out swinging
Batting: RHB Edward Holloway 0-0: Ball
1-0: Ball
2-0: Ball
3-0: Base on Balls
Batting: RHB Dwight Henderson 0-0: Ball
1-0: Swinging Strike
1-1: Ball
2-1: Ball
3-1: Foul Ball, location: 2F
3-2: Fly out, F8 (Flyball, 78D)
Batting: LHB Juan Rocha 0-0: Ball
1-0: Called Strike
1-1: DOUBLE (Flyball, 8LXD)
Edward Holloway to third
Runner from 3rd tries for Home, SAFE, no throw or cutoff
Batting: SHB Will Davis 0-0: Ball
1-0: Fly out, F5 (Popup, 5L)
Bottom of the 3rd over - 1 run(s), 1 hit(s), 0 error(s), 1 left on base; Colorado 0 - Miami 2
TOP OF THE 4TH
Colorado Buffaloes batting - Pitching for Miami Hurricanes : RHP Nick White
Batting: RHB Ramón Chávez 0-0: SINGLE (Flyball, 8RM)
Batting: LHB Sixto Cortés 0-0: Ball
1-0: Ball
2-0: Called Strike
2-1: Fly out, F8 (Flyball, 8LM)
Batting: RHB Esteban Lara 0-0: Ball
1-0: Called Strike
1-1: Foul Ball, location: 2F
1-2: Fly out, F8 (Flyball, 8RM)
Batting: RHB Desi Parkinson 0-0: Ball
1-0: Called Strike
1-1: Ball
2-1: Fly out, F8 (Flyball, 8LM)
Top of the 4th over - 0 run(s), 1 hit(s), 0 error(s), 1 left on base; Colorado 0 - Miami 2
BOTTOM OF THE 4TH
Miami Hurricanes batting - Pitching for Colorado Buffaloes : RHP Richard Bridges
Batting: RHB Jim McKinney 0-0: Ground out 3-1 (Groundball, 34S)
Batting: RHB Nick Watts 0-0: Foul Ball, location: 2F
0-1: Foul Ball, location: 2F
0-2: Ball
1-2: Ground out 5-3 (Groundball, 5S)
Batting: SHB Douglas Taylor 0-0: Fly out, F6 (Popup, 5DF)
Bottom of the 4th over - 0 run(s), 0 hit(s), 0 error(s), 0 left on base; Colorado 0 - Miami 2
TOP OF THE 5TH
Colorado Buffaloes batting - Pitching for Miami Hurricanes : RHP Nick White
Batting: RHB Rob Groves 0-0: Swinging Strike
0-1: Called Strike
0-2: Strikes out swinging
Batting: LHB Jack Caldwell 0-0: Called Strike
0-1: Ball
1-1: Fly out, F6 (Popup, 8RS)
Batting: LHB Miguel Sánchez 0-0: Ball
1-0: Called Strike
1-1: SINGLE (Line Drive, 6MD)
Batting: RHB Pedro Romero 0-0: Ball
1-0: Ball
2-0: Ball
3-0: Base on Balls
Miguel Sánchez to second
Batting: LHB Craig Kenney 0-0: Ball
1-0: Foul Ball, location: 2F
1-1: Swinging Strike
1-2: Foul Ball, location: 2F
1-2: Ball
2-2: Ball
3-2: Foul Ball, location: 2F
3-2: Strikes out swinging
Top of the 5th over - 0 run(s), 1 hit(s), 0 error(s), 2 left on base; Colorado 0 - Miami 2
BOTTOM OF THE 5TH
Miami Hurricanes batting - Pitching for Colorado Buffaloes : RHP Richard Bridges
Batting: RHB Ken MacDonald 0-0: Ball
1-0: Ball
2-0: Called Strike
2-1: SINGLE (Popup, 3L)
Batting: RHB Roberto Tobías 0-0: Ball
1-0: Grounds into double play, 4-6-3 (Groundball, 4)
Batting: RHB Edward Holloway 0-0: Ball
1-0: Ball
2-0: Ball
3-0: Called Strike
3-1: Swinging Strike
3-2: Fly out, F7 (Flyball, 78M)
Bottom of the 5th over - 0 run(s), 1 hit(s), 0 error(s), 0 left on base; Colorado 0 - Miami 2
TOP OF THE 6TH
Colorado Buffaloes batting - Pitching for Miami Hurricanes : RHP Nick White
Pitching: RHP Tomás Hurtado
Batting: RHB Ramón Chávez 0-0: Fly out, F5 (Popup, 5F)
Batting: LHB Sixto Cortés 0-0: Ball
1-0: Ball
2-0: Ball
3-0: Base on Balls
Batting: RHB Esteban Lara 0-0: Swinging Strike
0-1: Ball
1-1: Called Strike
1-2: Foul Ball, location: 2F
1-2: Ball
2-2: Foul Ball, location: 2F
2-2: Strikes out swinging
Pitching: RHP Chad Weber
Batting: RHB Desi Parkinson 0-0: Fly out, F9 (Flyball, 9S)
Top of the 6th over - 0 run(s), 0 hit(s), 0 error(s), 1 left on base; Colorado 0 - Miami 2
BOTTOM OF THE 6TH
Miami Hurricanes batting - Pitching for Colorado Buffaloes : RHP Richard Bridges
Pitching: RHP Ken Thomas
Batting: RHB Dwight Henderson 0-0: Ball
1-0: SINGLE (Line Drive, 78M)
Batting: LHB Juan Rocha 0-0: Called Strike
0-1: Foul Ball, location: 2F
0-2: Strikes out looking
Batting: SHB Will Davis 0-0: Foul Ball, location: 2F
0-1: Ball
1-1: Ground out U3 (Groundball, 3S)
Dwight Henderson to second
Batting: RHB Jim McKinney 0-0: Ball
1-0: Foul Ball, location: 2F
1-1: Foul Ball, location: 2F
1-2: Strikes out looking
Bottom of the 6th over - 0 run(s), 1 hit(s), 0 error(s), 1 left on base; Colorado 0 - Miami 2
TOP OF THE 7TH
Colorado Buffaloes batting - Pitching for Miami Hurricanes : RHP Chad Weber
Batting: RHB Rob Groves 0-0: Ball
1-0: Called Strike
1-1: Foul Ball, location: 2F
1-2: Ground out 6-3 (Groundball, 6M)
Batting: LHB Jack Caldwell 0-0: Ball
1-0: Swinging Strike
1-1: Hit by Pitch
Batting: LHB Miguel Sánchez 0-0: Ball
1-0: Called Strike
Pickoff Throw to First - Out!
1-1: Swinging Strike
1-2: Ball
2-2: Strikes out swinging
Top of the 7th over - 0 run(s), 0 hit(s), 0 error(s), 0 left on base; Colorado 0 - Miami 2
BOTTOM OF THE 7TH
Miami Hurricanes batting - Pitching for Colorado Buffaloes : RHP Ken Thomas
Batting: RHB Nick Watts 0-0: Ball
1-0: Called Strike
1-1: Fly out, F8 (Flyball, 8LM)
Batting: SHB Douglas Taylor 0-0: Swinging Strike
0-1: Called Strike
0-2: SINGLE (Flyball, 8LS)
Batting: RHB Ken MacDonald 0-0: Called Strike
0-1: Ball
1-1: Ball
2-1: Ball
3-1: Foul Ball, location: 2F
3-2: Fly out, F8 (Flyball, 8RM)
Batting: RHB Roberto Tobías 0-0: 2-RUN HOME RUN (Line Drive, 9D), Distance : 347 ft
Batting: RHB Edward Holloway 0-0: Called Strike
0-1: Ball
1-1: Ball
2-1: Called Strike
2-2: Foul Ball, location: 2F
2-2: Ball
3-2: Base on Balls
Batting: RHB Dwight Henderson 0-0: Called Strike
0-1: Called Strike
Edward Holloway steals 2nd base
0-2: Ball
1-2: Ball
2-2: Foul Ball, location: 2F
2-2: Ground out 6-3 (Groundball, 6)
Bottom of the 7th over - 2 run(s), 2 hit(s), 0 error(s), 1 left on base; Colorado 0 - Miami 4
TOP OF THE 8TH
Colorado Buffaloes batting - Pitching for Miami Hurricanes : RHP Chad Weber
Batting: RHB Pedro Romero 0-0: Fly out, F6 (Popup, 5L)
Batting: LHB Craig Kenney 0-0: Ball
1-0: Foul Ball, location: 2F
1-1: Foul Ball, location: 2F
1-2: Foul Ball, location: 2F
1-2: Ball
2-2: SINGLE (Groundball, 6MD)
Batting: RHB Ramón Chávez 0-0: Called Strike
0-1: Ball
1-1: Ball
2-1: SINGLE (Line Drive, 56)
Craig Kenney to second
Pitching: LHP Dave Bryant
Batting: LHB Sixto Cortés 0-0: Swinging Strike
0-1: Ball
1-1: Ball
2-1: Ball
3-1: Foul Ball, location: 2F
3-2: Strikes out swinging
Pitching: RHP Gabriel McDaniel
Batting: RHB Esteban Lara 0-0: Ball
1-0: Foul Ball, location: 2F
1-1: Foul Ball, location: 2F
1-2: Foul Ball, location: 2F
1-2: Strikes out swinging
Top of the 8th over - 0 run(s), 2 hit(s), 0 error(s), 2 left on base; Colorado 0 - Miami 4
BOTTOM OF THE 8TH
Miami Hurricanes batting - Pitching for Colorado Buffaloes : RHP Ken Thomas
Pitching: LHP Jaime Gonzáles
Batting: LHB Juan Rocha 0-0: Ball
1-0: Ball
2-0: Called Strike
2-1: Ball
3-1: Base on Balls
Batting: SHB Will Davis 0-0: Ball
1-0: Ball
2-0: Sac Bunt - play at first, batter OUT! 1-4
Juan Rocha to second
Batting: RHB Jim McKinney 0-0: Swinging Strike
0-1: Ground out 6-3 (Groundball, 6MS)
Juan Rocha to third
Batting: RHB Nick Watts 0-0: Ball
1-0: Ball
2-0: SINGLE (Groundball, 13) (infield hit)
Juan Rocha scores
Batting: SHB Douglas Taylor 0-0: Ball
1-0: Called Strike
1-1: Ball
2-1: Ball
3-1: Base on Balls
Nick Watts to second
Batting: RHB Ken MacDonald 0-0: Ball
1-0: Ball
2-0: Ball
3-0: Called Strike
3-1: Base on Balls
Nick Watts to third
Douglas Taylor to second
Batting: RHB Roberto Tobías 0-0: Foul Ball, location: 2F
0-1: Swinging Strike
0-2: Ball
1-2: Ball
2-2: Foul Ball, location: 2F
2-2: Strikes out swinging
Bottom of the 8th over - 1 run(s), 1 hit(s), 0 error(s), 3 left on base; Colorado 0 - Miami 5
TOP OF THE 9TH
Colorado Buffaloes batting - Pitching for Miami Hurricanes : RHP Gabriel McDaniel
Now in RF: Gilbert Forbes
Batting: RHB Desi Parkinson 0-0: Ball
1-0: Ball
2-0: Ball
3-0: Called Strike
3-1: Foul Ball, location: 2F
3-2: Strikes out looking
Batting: RHB Rob Groves 0-0: Swinging Strike
0-1: Swinging Strike
0-2: Ball
1-2: Ball
2-2: Foul Ball, location: 2F
2-2: Strikes out swinging
Batting: LHB Jack Caldwell 0-0: Called Strike
0-1: Called Strike
0-2: Ball
1-2: Fly out, F9 (Flyball, 9M)
Top of the 9th over - 0 run(s), 0 hit(s), 0 error(s), 0 left on base; Colorado 0 - Miami 5
This league is powered by Out of the Park Baseball, the baseball management simulation game for PC, Mac and Linux
Wednesday, December 2nd, 2015 - OOTP Baseball 16.8 Build 38